 Dungeon Crawl Stone Soup version 0.26-a0-652-gafc20e3620 (webtiles) character file.

Game seed: 1221684349784340371

2 Flugkiller the Ruffian (level 1, -1/19 HPs)
             Began as an Ogre Transmuter on Oct 2, 2020.
             Slain by a leopard gecko (4 damage)
             ... on level 1 of the Dungeon.
             The game lasted 00:00:18 (58 turns).

Flugkiller the Ruffian (Ogre Transmuter)              Turns: 58, Time: 00:00:18

Health: -1/19      AC:  3    Str: 13    XL:     1   Next: 30%
Magic:  2/3        EV: 10    Int: 14    God:
Gold:   9          SH:  0    Dex:  9    Spells: 3/4 levels left

rFire    . . .     SeeInvis .     - Unarmed
rCold    . . .     Faith    .   (no shield)
rNeg     . . .     Spirit   .   a - +0 robe
rPois    .         Reflect  .   (helmet currently unavailable)
rElec    .         Harm     .   (no cloak)
rCorr    .         Rampage  .   (gloves unavailable)
MR       .....                  (boots unavailable)
Stlth    +.........             (no amulet)
HPRegen  0.06/turn              (no ring)
MPRegen  0.08/turn              (no ring)

@: appendages
A: large, unfitting armour, horns 2, talons 2, tough skin 1
a: End Transformation


You were on level 1 of the Dungeon.
You had grown temporary horns.
You had grown temporary talons.
You visited 1 branch of the dungeon, and saw 1 of its levels.

You collected 9 gold pieces.

Inventory:

Armour
 a - a +0 robe (worn)
Potions
 b - a potion of ambrosia {unknown}


   Skills:
 + Level 1.5 Fighting
 - Level 1.7 Dodging
 * Level 2.8 Unarmed Combat
 - Level 2.4 Spellcasting
 - Level 1.7 Transmutations


You had 3 spell levels left.
You knew the following spells:

 Your Spells              Type           Power        Failure   Level
a - Beastly Appendage     Tmut           #.....       11%         1

Your spell library contained the following spells:

 Spells                   Type           Power        Failure   Level
 Wereblood                Tmut           #.......     17%         2
 Spider Form              Tmut/Pois      #.........   43%         3
 Ice Form                 Ice/Tmut       #.......     85%         4
 Blade Hands              Tmut           #.........   97%         5


Dungeon Overview and Level Annotations

Branches:
Dungeon (1/15)

Altars:


Innate Abilities, Weirdness & Mutations

You are too large for most types of armour.
You have tough skin. (AC +1)
You have a pair of horns on your head.
You have razor-sharp toenails.


Message History

You closely miss the goblin. Your kick misses the goblin.
You headbutt the goblin, but do no damage.
The goblin hits you but does no damage.
You closely miss the goblin. The goblin hits you.
Unknown command.
You barely miss the goblin. Your kick misses the goblin.
The goblin closely misses you.
You closely miss the goblin. Your headbutt misses the goblin.
The goblin hits you.
* * * LOW HITPOINT WARNING * * *
You hit the goblin but do no damage. Your kick misses the goblin.
Your headbutt misses the goblin. The goblin hits you.
* * * LOW HITPOINT WARNING * * *
You hit the goblin.
The goblin is moderately wounded.
The goblin closely misses you.
You closely miss the goblin. Your headbutt misses the goblin.
The goblin is moderately wounded.
The goblin hits you.
* * * LOW HITPOINT WARNING * * *
You hit the goblin.
The goblin is heavily wounded.
Your horns disappear.
Your talons disappear.
The goblin barely misses you.
You closely miss the goblin.
The goblin is heavily wounded.
The goblin closely misses you.
You hit the goblin.
You kill the goblin!
Unknown command.
Found 9 gold pieces.
You see here a goblin corpse.
b - a coppery potion
Found an escape hatch in the floor.
A leopard gecko comes into view.
Found 2 scrolls labeled EZXIOHE KOIXOS.
You see here 9 gold pieces.
You see here 9 gold pieces.
You now have 9 gold pieces.
Casting: Beastly Appendage (safe; 11% risk of failure)
Confirm with . or Enter, or press ? or * to list all spells.
You grow a pair of large bovine horns.
Your feet morph into talons.
You hit the leopard gecko. Your kick misses the leopard gecko.
The leopard gecko is lightly wounded.
The leopard gecko bites you.
* * * LOW HITPOINT WARNING * * *
You closely miss the leopard gecko.
The leopard gecko is lightly wounded.
The leopard gecko bites you.
You die...

.#......... .. ##
?............
...#............
...........#...
.>........#..# #
#..#...#...# ..
#.#..........# ...
#.#.......l..#
...####.........@.###..
......................#
#.#..............###....
#.................#. ...
#......................
#......†...........#
#...†..#######.....#
#.....## #######
###.....#


You could see a leopard gecko.

Vanquished Creatures
  A goblin (D:1)
  A bat (D:1)
2 creatures vanquished.

Notes
Turn   | Place    | Note
-------+----------+-------------------------------------------
     0 | D:1      | Flugkiller the Ogre Transmuter began the quest for the Orb.
     0 | D:1      | Reached XP level 1. HP: 19/19 MP: 3/3
    58 | D:1      | Slain by a leopard gecko

Illustrated notes

Levels and vault maps discovered:
D:1:      lightli_arrival_flooded_house, layout_rooms, st_stairs_7

Action                   || total
-------------------------++-------
Melee: Unarmed           ||    14
       Headbutt          ||     1
 Cast: Beastly Appendage ||     2
Armor: Robe              ||     3
Dodge: Dodged            ||     9

Table legend: (Time is in decaauts)
 A = Elapsed time spent in this place.
 B = Non-inter-level travel time spent in this place.
 C = Inter-level travel time spent in this place.
 D = Time resting spent in this place.
 E = Time spent auto-exploring this place.
 F = Levels seen in this place.
 G = Mean time per level.
                   A        B        C        D        E       F      G
               +--------+--------+--------+--------+--------+-----+--------+
         Total |     57 |     57 |      0 |      0 |      0 |   1 |   57.0 |
       Dungeon |     57 |     57 |      0 |      0 |      0 |   1 |   57.0 |
               +--------+--------+--------+--------+--------+-----+--------+

Top non-repeatable levels by time:
     D:1: 57 daAuts
